 Dungeon Crawl Stone Soup version 0.30-a0-1160-g6e42c06551 (webtiles) character file.

Game seed: 17413792748576801725

37 Twinkles the Trooper (level 3, 0/33 HPs)
             Began as an Armataur Monk on Apr 26, 2023.
             Slain by Sigmund
             ... wielding a +0 scythe
              (3 damage)
             ... on level 2 of the Dungeon.
             The game lasted 00:02:39 (1321 turns).

Twinkles the Trooper (Armataur Monk)                Turns: 1321, Time: 00:02:40

Health: 0/33       AC:  7    Str: 18    XL:     3   Next: 21%
Magic:  3/3        EV:  8    Int: 10    God:
Gold:   70         SH:  0    Dex: 12    Spells: 2/2 levels left

rFire   . .          .
                       - Unarmed
rCold   . . .        c - orb {light}
rNeg    . . .        h - +0 scale mail
rPois   .            (no helmet)
rElec   .            g - +0 cloak
rCorr   .            (no gloves)
SInv    .            (no barding)
Will    .....        (no amulet) Stlth
                     (no ring)
HPRegen 0.25/turn    (no ring)
MPRegen 0.08/turn

%: roll
@: glowing
A: large, rugged brown scales 3, deformed body, armoured tail, roll, long
tongue, awkward tongue
a: no special abilities


You were on level 2 of the Dungeon.
You visited 1 branch of the dungeon, and saw 2 of its levels.

You collected 70 gold pieces.

Inventory:

Armour
 a - a +0 robe
 c - an orb of light (worn)
 g - a +0 cloak (worn)
 h - a +0 scale mail (worn)
Scrolls
 e - 3 scrolls of torment {unknown}
 f - a scroll of amnesia {unknown}
Potions
 b - 3 potions of magic {unknown}
 d - a potion of degeneration {unknown}
 G - a potion of ambrosia


   Skills:
 + Level 3.2 Fighting
 + Level 2.5 Dodging
 + Level 3.1 Unarmed Combat


You had 2 spell levels left.
You didn't know any spells.
Your spell library was empty.

Dungeon Overview and Level Annotations

Branches:
Dungeon (2/15) Zot: 10681

Altars:

Annotations:
D:2 Sigmund


Innate Abilities, Weirdness & Mutations

You are completely covered in rugged brown scales. (AC +3, +7% HP)
Armour fits poorly on your strangely shaped body.
You have a long armoured tail.
You roll when moving toward enemies. (Rampage)
Your long tongue fully drains potion bottles. (2x potion effects)
Your tongue gives you trouble enunciating. (1.5x scroll delay)


Message History

You see here a giant cockroach corpse.
A giant cockroach comes into view.
You hit the giant cockroach. You tail-slap the giant cockroach.
You kill the giant cockroach!
No target in view!
Sigmund gestures at you while chanting. The puff of flame hits you!
You start resting.
Sigmund is nearby!
Sigmund gestures at you while chanting.
You are confused.
Sigmund attacks as you move away! Sigmund hits you with a +0 scythe!
You bump into the rock wall.
Sigmund closely misses you.
You're too confused to move!
Sigmund closely misses you.
You bump into the rock wall.
You feel less confused. Sigmund hits you with a +0 scythe!
Unknown command.
You barely miss Sigmund. Sigmund barely misses you.
You hit Sigmund.
Sigmund is lightly wounded.
You hit Sigmund.
Your tail-slap misses Sigmund.
Sigmund is moderately wounded.
Sigmund hits you with a +0 scythe.
You hit Sigmund.
Sigmund is moderately wounded.
You hit Sigmund but do no damage.
Sigmund is moderately wounded.
Sigmund hits you with a +0 scythe!
* * * LOW HITPOINT WARNING * * *
You hit Sigmund.
Sigmund is heavily wounded.
Sigmund hits you with a +0 scythe.
* * * LOW HITPOINT WARNING * * *
You hit Sigmund but do no damage. You tail-slap Sigmund!
Sigmund is severely wounded.
You hit Sigmund.
Sigmund is almost dead.
Sigmund hits you with a +0 scythe.
You die...

......###..........
.##.#..........##
#............#
####...#.#.##.##
##........#.##..##
#......####.###..#
.......# #.. ##.#
..#..#.. ##. #.##
##..###. #.#
#@.#### #<## #.#
##@...# #.#
##.###....## #.#
.###....#.#### ...
..........# ###
.###....###
#@...### ....## ...


You could see Sigmund.

Vanquished Creatures
  A dart slug (D:1)
  4 bats
  8 giant cockroaches
  2 goblins
  2 hobgoblins
  2 jackals (D:1)
  3 kobolds (D:1)
  2 quokkas
  3 ball pythons (D:1)
  A frilled lizard (D:1)
  A rat (D:1)
29 creatures vanquished.

Notes
Turn   | Place    | Note
-------+----------+-------------------------------------------
     0 | D:1      | Twinkles the Armataur Monk began the quest for the Orb.
     0 | D:1      | Reached XP level 1. HP: 19/19 MP: 1/1
   266 | D:1      | Reached XP level 2. HP: 24/26 MP: 2/2
  1126 | D:2      | Noticed Sigmund
  1197 | D:1      | Reached XP level 3. HP: 33/33 MP: 3/3
  1318 | D:2      | HP: 3/33 [Sigmund/+0 scythe (9)]
  1321 | D:2      | Slain by Sigmund

Illustrated notes

Levels and vault maps discovered:
D:1:      dpeg_arrival_castle, layout_basic
D:2:      layout_rooms, shapermc_ecumenical_altar_mp_vishouse,
          minmay_worlds_worst_comb, uniq_terence, uniq_jessica, uniq_sigmund

Skill      XL: |  1  2 |
---------------+-------+-----
Fighting       | 3 |  3.2
Unarmed Combat | 3 |  3.1
Dodging        | |  2.5

Action                     || total
---------------------------++-------
  Melee: Unarmed           ||    71
         Tailslap          ||    12
 Armour: Robe              ||    15
         Scale mail        ||     8
  Dodge: Dodged            ||    31

Table legend: (Time is in decaauts)
 A = Elapsed time spent in this place.
 B = Non-inter-level travel time spent in this place.
 C = Inter-level travel time spent in this place.
 D = Time resting spent in this place.
 E = Time spent auto-exploring this place.
 F = Levels seen in this place.
 G = Mean time per level.
                   A        B        C        D        E       F      G
               +--------+--------+--------+--------+--------+-----+--------+
         Total |   1317 |   1200 |    117 |      6 |   1000 |   2 |  658.5 |
       Dungeon |   1317 |   1200 |    117 |      6 |   1000 |   2 |  658.5 |
               +--------+--------+--------+--------+--------+-----+--------+

Top non-repeatable levels by time:
     D:1: 1159 daAuts
     D:2: 158 daAuts
